 Dungeon Crawl Stone Soup version 0.20.0-10-g0535bb4 (webtiles) character file.

1732 cutslo the Cleaver (level 8, -4/70 HPs)
             Began as a Minotaur Fighter on June 6, 2017.
             Was a Believer of Uskayaw.
             Slain by a manticore (6 damage)
             ... on level 7 of the Dungeon.
             The game lasted 00:16:35 (5260 turns).

cutslo the Cleaver (Minotaur Fighter)               Turns: 5260, Time: 00:16:36

Health: -4/70      AC: 11    Str: 26    XL:     8   Next: 76%
Magic:  4/7        EV: 10    Int:  7    God:    Uskayaw [**....]
Gold:   406        SH: 11    Dex:  9    Spells: 7/7 levels left

rFire    . . .     SeeInvis .   p - +0 broad axe (flame)
rCold    . . .     Gourm    .   c - +0 shield
rNeg     . . .     Faith    .   b - +1 scale mail
rPois    .         Spirit   .   (helmet restricted)
rElec    .         Reflect  .   (no cloak)
rCorr    +         Harm     .   y - +0 pair of gloves
MR       .....                  J - +0 pair of boots
Stlth    ..........             (no amulet)
Regen    0.3/turn               k - +4 ring of strength
MPRegen  0.1/turn               E - ring of resist corrosion

@: lethally poisoned (-4 -> -8)
A: retaliatory headbutt, horns 2
a: Stomp, Line Pass, Renounce Religion


You were on level 7 of the Dungeon.
You worshipped Uskayaw.
Uskayaw was noncommittal.
You were very hungry.

You visited 2 branches of the dungeon, and saw 8 of its levels.
You also visited: Sewer.

You collected 406 gold pieces.

Inventory:

Hand Weapons
 a - a +1 war axe
 p - a +0 broad axe of flaming (weapon)
Missiles
 i - 32 poisoned needles
 j - 2 throwing nets (quivered)
 C - 4 tomahawks
Armour
 b - a +1 scale mail (worn)
 c - a +0 shield (worn)
 y - a +0 pair of gloves (worn)
 J - a +0 pair of boots (worn)
Jewellery
 k - a +4 ring of strength (left hand)
 t - an uncursed ring of positive energy {unknown}
 x - an uncursed ring of ice
 E - a ring of resist corrosion (right hand)
Wands
 z - a wand of paralysis (9/24)
 G - a wand of confusion (29/48)
Scrolls
 l - a scroll of remove curse
 n - a scroll of enchant armour
 u - a scroll of immolation
 B - 2 scrolls of magic mapping
 D - a scroll of identify
 F - 2 scrolls of teleportation
 H - a scroll of fear
Potions
 d - 3 potions of might
 e - 2 potions of brilliance
 g - a potion of haste
 h - 3 potions of lignification
 m - 5 potions of heal wounds
 r - 3 potions of magic
 s - 3 potions of curing {unknown}
 v - a potion of cancellation {unknown}
 w - a potion of flight {unknown}
 A - a potion of ambrosia {unknown}
Books
 I - the Volume of Blistering Malediction
   (You found it on level 6 of the Dungeon)

   Spells                             Type                      Level
   a - Corona                         Hexes                        1
   b - Summon Mana Viper              Hexes/Summoning              5
   c - Invisibility                   Hexes                        6
   d - Ignition                       Fire                         8
Comestibles
 f - 7 bread rations
 o - a meat ration
 q - 3 royal jellies


   Skills:
 + Level 6.2 Fighting
 + Level 8.5 Axes
 + Level 6.6 Armour
 + Level 3.1 Dodging
 + Level 1.1 Stealth
 + Level 7.2 Shields


You had 7 spell levels left.
You didn't know any spells.

Dungeon Overview and Level Annotations

Branches:
Dungeon (7/15)             Temple (1/1) D:5

Altars:
Ashenzari
Elyvilon
Fedhas
Gozag
Kikubaaqudgha
Nemelex Xobeh
Ru
Trog
Uskayaw
Vehumet

Shops:
D:7 (}


Innate Abilities, Weirdness & Mutations

You reflexively headbutt those who attack you in melee.
You have a pair of horns on your head.


Message History

You barely miss the killer bee.
You feel sick. The killer bee stings you.
* * * LOW HITPOINT WARNING * * *
The killer bee barely misses you. The manticore closely misses you.
The manticore claws you but does no damage.
You block the manticore's attack.
You closely miss the manticore.
The manticore is moderately wounded.
You closely miss the killer bee.
You feel sick. The killer bee stings you.
* * * LOW HITPOINT WARNING * * *
The killer bee stings you but does no damage.
You block the manticore's attack.
The manticore claws you but does no damage.
The manticore claws you.
* * * LOW HITPOINT WARNING * * *
The killer bee stings you but does no damage.
The manticore bites you!
* * * LOW HITPOINT WARNING * * *
The manticore claws you but does no damage.
The manticore claws you.
You die...

#..........#.#
#.............##
#.#####........###...
#. ######.#.....# #
........ #
#.∩.∩###... . .......
####.....#
##.##........
#....∩.∩.#
....#.....∩
#...##.#>## ...#.....
....# #..@y# ..H...#
..#.# ####H####
#..... . #. #..ZS..#
#####..... #
#..Z...###....?....
#.............##...
#........####......
#......### ####...
#.......# ...
.....####### ...


You could see a manticore, a killer bee, an adder, a quokka zombie and an adder
skeleton.

Vanquished Creatures
  Grinder (D:6)
  The ghost of lokibrotherofthor the Chucker, an amateur TrHu (D:4)
  Duvessa (D:4)
  An ice beast (D:7)
  A centaur (D:6)
  A wyvern zombie (D:6)
  A bullfrog (D:6)
  Dowan (D:4)
  A scorpion (D:6)
  A water moccasin zombie (D:7)
  A water moccasin skeleton (D:4)
  A killer bee (D:7)
  A crimson imp (D:6)
  A centaur zombie (D:6)
  4 orc wizards
  3 orc priests
  An iguana (D:7)
  Ijyb (D:4)
  A worker ant (D:5)
  A killer bee zombie (D:6)
  A hound zombie (D:6)
  A hound skeleton (D:6)
  6 adders
  11 gnolls
  A howler monkey skeleton (D:5)
  2 shadow imps (D:6)
  An ooze (D:3)
  2 adder zombies
  2 adder skeletons (D:5)
  5 worms
  2 dart slugs (D:2)
  3 leopard geckos
  23 orcs
  10 bats
  4 giant cockroaches
  13 goblins
  9 hobgoblins
  6 jackals
  5 kobolds
  3 quokkas
  7 ball pythons
  12 frilled lizards
  A leopard gecko skeleton (D:5)
  A quokka skeleton (D:4)
  15 rats
171 creatures vanquished.

Vanquished Creatures (others)
  An orc (D:4)
  A fungus (D:4)
  A plant (D:4)
3 creatures vanquished.

Grand Total: 174 creatures vanquished

Notes
Turn   | Place    | Note
-------+----------+-------------------------------------------
     0 | D:1      | cutslo the Minotaur Fighter began the quest for the Orb.
     0 | D:1      | Reached XP level 1. HP: 19/19 MP: 0/0
   182 | D:1      | Reached XP level 2. HP: 19/27 MP: 1/1
   554 | D:2      | Reached XP level 3. HP: 26/33 MP: 2/2
   835 | D:2      | Found a sparkling altar of Nemelex Xobeh.
   892 | D:2      | Reached skill level 3 in Axes
  1529 | D:3      | Reached XP level 4. HP: 33/41 MP: 3/3
  1671 | D:3      | Reached skill level 4 in Axes
  1671 | D:3      | Reached XP level 5. HP: 38/47 MP: 4/4
  1673 | D:3      | Reached skill level 1 in Dodging
  2080 | D:3      | Reached skill level 5 in Fighting
  2541 | D:4      | Noticed lokibrotherofthor's ghost (amateur TrHu)
  2557 | D:4      | Killed lokibrotherofthor's ghost
  2557 | D:4      | Reached skill level 5 in Axes
  2557 | D:4      | Reached skill level 5 in Armour
  2557 | D:4      | Reached skill level 5 in Shields
  2557 | D:4      | Reached XP level 6. HP: 33/56 MP: 5/5
  2689 | D:4      | Noticed Ijyb
  2697 | D:4      | Killed Ijyb
  2786 | D:4      | Noticed Duvessa
  2786 | D:4      | Noticed Dowan
  2796 | D:4      | Killed Duvessa
  2801 | D:4      | Killed Dowan
  2801 | D:4      | Reached XP level 7. HP: 34/61 MP: 6/6
  3076 | D:4      | Found a sacrificial altar of Ru.
  3103 | D:4      | Found a shattered altar of Ashenzari.
  3107 | D:4      | Saw a vision of the Swamp and the Snake Pit.
  3107 | D:4      | Noticed an anaconda
  3107 | D:4      | Noticed a naga warrior
  3107 | D:4      | Noticed a black mamba
  3107 | D:4      | Noticed an alligator
  3108 | D:4      | Noticed a shock serpent
  3109 | D:4      | Noticed a black mamba
  3745 | D:5      | Entered Level 5 of the Dungeon
  3756 | D:5      | Reached skill level 6 in Axes
  3789 | D:5      | Found a staircase to the Ecumenical Temple.
  3949 | D:5      | Found a glowing drain.
  3965 | Temple   | Entered the Ecumenical Temple
  3988 | Temple   | Became a worshipper of Uskayaw the Reveler
  4030 | Sewer    | Entered a sewer
  4052 | Sewer    | Reached * piety under Uskayaw
  4157 | Sewer    | Reached ** piety under Uskayaw
  4339 | Sewer    | Identified a scroll of acquirement
  4717 | D:6      | Reached XP level 8. HP: 67/69 MP: 7/7
  4830 | D:6      | Reached skill level 7 in Axes
  4835 | D:6      | Reached *** piety under Uskayaw
  4843 | D:6      | Reached **** piety under Uskayaw
  4903 | D:6      | Identified the Volume of Blistering Malediction
  4982 | D:6      | Found a shattered altar of Ashenzari.
  5022 | D:6      | Noticed Grinder
  5024 | D:6      | Reached skill level 1 in Stealth
  5028 | D:6      | Killed Grinder
  5028 | D:6      | Reached skill level 8 in Axes
  5202 | D:7      | Found Vyps's Weapon Boutique.
  5229 | D:7      | Found Fuviem's Gadget Emporium.
  5231 | D:7      | Noticed a manticore
  5260 | D:7      | HP: 2/70 [manticore (10)]
  5260 | D:7      | Slain by a manticore

Skill      XL: |  1  2  3  4  5  6  7  8 |
---------------+-------------------------+-----
Shields        | 4 5 6 7 |  7.2
Fighting       | 4 5 6 |  6.2
Axes           | 3 4 5 6 8 |  8.5
Armour         | 4 5 6 |  6.6
Dodging        | 1 2 3 |  3.1
Stealth        | 1 |  1.1

Action                   |  1- 3 |  4- 6 |  7- 9 || total
-------------------------+-------+-------+-------++-------
Melee: War axe           |   130 |   155 |   115 ||   400
       Headbutt          |    17 |    24 |    35 ||    76
       Broad axe         |       |       |    83 ||    83
Invok: Stomp             |       |       |     1 ||     1
  Use: Potion            |       |     2 |     1 ||     3
       Scroll            |       |       |    15 ||    15
 Stab: Distracted        |       |       |     1 ||     1
       Paralysed         |       |       |     2 ||     2
  Eat: Chunk             |     1 |     5 |     8 ||    14
Armor: Scale mail        |    70 |    96 |    77 ||   243
Dodge: Dodged            |    50 |    48 |    71 ||   169
Block: Shield            |    70 |    85 |   115 ||   270
